 Dungeon Crawl Stone Soup version 0.21-a0-29-g43b3074 (webtiles) character file.

144 Alarkh the Chopper (level 5, 0/41 HPs)
             Began as a Demonspawn Monk on May 26, 2017.
             Was a Believer of Okawaru.
             Succumbed to Edmund's poison
             ... on level 4 of the Dungeon.
             The game lasted 00:03:28 (5187 turns).

Alarkh the Chopper (Demonspawn Monk)                Turns: 5187, Time: 00:03:29

Health: 0/41       AC:  2    Str: 12    XL:     5   Next: 5%
Magic:  5/5        EV: 13    Int: 12    God:    Okawaru [**....]
Gold:   185        SH:  0    Dex: 15    Spells: 4/4 levels left

rFire    + . .     SeeInvis .   a - +1 war axe
rCold    . . .     Gourm    .   (no shield)
rNeg     . . .     Faith    .   b - +0 robe
rPois    .         Spirit   .   (helmet restricted)
rElec    .         Reflect  .   (no cloak)
rCorr    .         Harm     .   (no gloves)
MR       .....     Rnd*Tele +   (no boots)
Stlth    ++........             (no amulet)
Regen    0.2/turn               k - ring of teleportation (curse)
MPRegen  0.1/turn               (no ring)

@: lethally poisoned (0 -> -28)
A: antennae 1, blurry vision 1, fire resistance 1, high mp 1, evolution 1
a: Heroism, Renounce Religion


You were on level 4 of the Dungeon.
You worshipped Okawaru.
Okawaru was pleased with you.
You were not hungry.

You visited 2 branches of the dungeon, and saw 5 of its levels.

You collected 185 gold pieces.

Inventory:

Hand Weapons
 a - a +1 war axe (weapon)
 f - a +1 hand axe of distortion
 p - a +0 hand axe
Armour
 b - a +0 robe (worn)
 s - a +2 helmet
Jewellery
 k - a cursed ring of teleportation (left hand)
 u - a +2 ring of evasion {unknown}
Scrolls
 d - a scroll of blinking {unknown}
 h - a scroll of teleportation {unknown}
 i - 3 scrolls of enchant weapon
 m - a scroll of enchant armour {unknown}
 n - a scroll of magic mapping {unknown}
Potions
 e - 3 potions of mutation
 g - 2 potions of curing {unknown}
 j - a potion of might {unknown}
 o - 3 potions of haste {unknown}
 q - a potion of brilliance {unknown}
 v - a potion of heal wounds {unknown}
Comestibles
 c - 5 bread rations
 l - 2 fruits
 r - 2 royal jellies


   Skills:
 - Level 3.0 Fighting
 + Level 5.2 Axes
 - Level 2.6 Dodging
 - Level 1.7 Stealth


You had 4 spell levels left.
You didn't know any spells.

Dungeon Overview and Level Annotations

Branches:
Dungeon (4/15)             Temple (1/1) D:4

Altars:
Cheibriados
Dithmenos
Elyvilon
Fedhas
Gozag
Hepliaklqana
Kikubaaqudgha
Makhleb
Nemelex Xobeh
Okawaru
Qazlal
Ru
Sif Muna
Trog
Uskayaw
Vehumet
Wu Jian
Xom
Yredelemnul
Zin
The Shining One

Annotations:
D:3 exclusion: oklob plant
D:4 Edmund


Innate Abilities, Weirdness & Mutations

You have a pair of small antennae on your head.
Your flesh is heat resistant. (rF+)
Scrolls take you a little longer to read.
You have an increased reservoir of magic. (+10% MP)
You evolve.


Message History

You can now gain great but temporary skills.
(D) Dungeon (T) Temple
Where to? (Enter - Temple @ (x,y), ? - help)
There is a staircase back to the Dungeon here.
You climb upwards.
Welcome back to the Dungeon!
Level annotation: Edmund Edmund hits you with a dire flail of venom!
There is a staircase to the Ecumenical Temple, spattered with blood here.
Edmund is nearby!
You barely miss Edmund.
Edmund hits you with a dire flail of venom.
You are poisoned.
Edmund hits you with a dire flail of venom!!
* * * LOW HITPOINT WARNING * * *
You are more poisoned.
You are too injured to fight recklessly!
It was a potion of mutation.
You feel extremely strange.
You feel nature experimenting on you.
Don't worry, failures die fast.
Your vision blurs.
You feel more energetic.
You die...

..##...#########...##
... #...# #....# ...#
.. ....## ..# .<....
..# #...# .+ #.⌠.# .#
########...###..#
##...#.?...@.....#
#......⌠..@..⌠...#
#................#
+.....###...###..#
#.....# #.⌠.# .
##....# #...#
#............
+...........##)
##...####...# # #####
#####


You could see Edmund.

Vanquished Creatures
  A worker ant (D:4)
  3 adders
  An ooze (D:1)
  5 worms
  A dart slug (D:3)
  A leopard gecko (D:2)
  2 orcs (D:3)
  8 giant cockroaches
  8 goblins
  10 hobgoblins
  5 jackals
  5 kobolds
  A quokka (D:3)
  A ball python (D:4)
  8 bats
  3 frilled lizards
  A leopard gecko skeleton (D:4)
  4 rats
68 creatures vanquished.

Notes
Turn   | Place    | Note
-------+----------+-------------------------------------------
     0 | D:1      | Alarkh the Demonspawn Monk began the quest for the Orb.
     0 | D:1      | Reached XP level 1. HP: 18/18 MP: 1/1
    92 | D:1      | Reached skill level 3 in Axes
   177 | D:1      | Gained mutation: Your flesh is heat resistant. (rF+) [demonic ancestry]
   177 | D:1      | Reached XP level 2. HP: 7/24 MP: 2/2
  1090 | D:1      | Reached XP level 3. HP: 22/29 MP: 3/3
  1509 | D:2      | Reached skill level 4 in Axes
  2944 | D:2      | Reached XP level 4. HP: 35/35 MP: 4/4
  3857 | D:3      | Found a blossoming altar of Fedhas.
  3858 | D:3      | Noticed an oklob plant
  4499 | D:4      | Reached skill level 5 in Axes
  4835 | D:4      | Found a staircase to the Ecumenical Temple.
  4835 | D:4      | Noticed Edmund
  4844 | Temple   | Entered the Ecumenical Temple
  4847 | Temple   | Gained mutation: You have a pair of small antennae on your head. [demonic ancestry]
  4847 | Temple   | Reached XP level 5. HP: 41/41 MP: 5/5
  5164 | Temple   | Became a worshipper of Warmaster Okawaru
  5164 | Temple   | Reached * piety under Okawaru
  5164 | Temple   | Reached ** piety under Okawaru
  5187 | D:4      | Gained mutation: You evolve. [potion of mutation]
  5187 | D:4      | Gained mutation: Scrolls take you a little longer to read. [potion of mutation]
  5187 | D:4      | Gained mutation: You have an increased reservoir of magic. (+10% MP) [potion of mutation]
  5187 | D:4      | Succumbed to Edmund's poison

Vault maps used:
D:1:      dpeg_arrival_prison, serial_co_window_serial, co_window_corner_a,
          co_window_paths_a, co_window_paths_a, co_window_corner_a,
          co_window_paths_b, co_window_broadway_b, co_window_unsneaky_path_e,
          co_window_of_opportunity_b, glass_columns_a, glass_columns_c,
          glass_columns_a, glass_columns_a, glass_columns_a
D:2:      first_bread
D:3:      tgw_fedhas
D:4:      minmay_temple_entry_junction, uniq_edmund, uniq_pikel, uniq_grinder
Temple:   regret_index_temple_sigil_plot

Skill      XL: |  1  2  3  4 |
---------------+-------------+-----
Axes           | 3 4 5 |  5.2
Fighting       | |  3.0
Dodging        | |  2.6
Stealth        | |  1.7

Action                   |  1- 3 |  4- 6 || total
-------------------------+-------+-------++-------
Melee: Hand axe          |   155 |    47 ||   202
       War axe           |       |    41 ||    41
  Use: Scroll            |       |     1 ||     1
       Potion            |       |     1 ||     1
 Stab: Sleeping          |     4 |     2 ||     6
       Distracted        |     1 |       ||     1
  Eat: Chunk             |     5 |     8 ||    13
Armor: Robe              |    22 |    15 ||    37
Dodge: Dodged            |   111 |    75 ||   186
